 Dungeon Crawl Stone Soup version 0.31-a0-204-g7da18cac08 (webtiles) character file.

Game seed: 11040938500113755284

105 innerfire43 the Chopper (level 4, -2/35 HPs)
             Began as a Demonspawn Monk on June 27, 2023.
             Was a Believer of Nemelex Xobeh.
             Slain by Duvessa
             ... wielding a +0 short sword
              (10 damage)
             ... on level 4 of the Dungeon.
             The game lasted 00:02:18 (2559 turns).

innerfire43 the Chopper (Demonspawn Monk)           Turns: 2559, Time: 00:02:19

Health: -2/35      AC:  2    Str: 13    XL:     4   Next: 53%
Magic:  4/4        EV: 12    Int: 12    God:    Nemelex Xobeh [**....]
Gold:   171        SH:  0    Dex: 15    Spells: 3/3 levels left

rFire   . . .        a - +0 hand axe
rCold   . . .        d - orb {light}
rNeg    . . .        b - +0 robe
rPois   .            (no helmet)
rElec   .            (no cloak)
rCorr   .            (no gloves)
SInv    .            (no boots)
Will    .....        (no amulet)
Stlth   +            (no ring)
HPRegen 0.25/turn    (no ring)
MPRegen 0.09/turn

%: no passive effects
@: glowing
A: foul stench 1, weakness stinger 2
a: Renounce Religion, Draw Escape, Draw Destruction, Draw Summoning


You were on level 4 of the Dungeon.
You worshipped Nemelex Xobeh.
Nemelex Xobeh was pleased with you.
You visited 1 branch of the dungeon, and saw 4 of its levels.

You collected 171 gold pieces.

Inventory:

Hand Weapons
 a - a +0 hand axe (weapon)
Missiles
 e - a throwing net
Armour
 b - a +0 robe (worn)
 d - an orb of light (worn)
Wands
 i - a wand of roots (10)
Scrolls
 f - 2 scrolls of enchant armour {unknown}
 g - 2 scrolls of teleportation {unknown}
 h - 3 scrolls of revelation {unknown}
 k - a scroll of identify {unknown}
 l - a scroll of fog {unknown}
 n - a scroll of amnesia {unknown}
 p - a scroll of vulnerability {unknown}
 s - a scroll of noise {unknown}
Potions
 c - 2 potions of ambrosia
 j - 3 potions of curing {unknown}
 m - a potion of haste {unknown}
 o - 2 potions of lignification {unknown}
 q - 2 potions of attraction {unknown}
 r - a potion of enlightenment {unknown}


   Skills:
 - Level 3.0 Fighting
 * Level 4.9 Axes
 - Level 2.6 Dodging


You had 3 spell levels left.
You didn't know any spells.
Your spell library was empty.

Dungeon Overview and Level Annotations

Branches:
Dungeon (4/15)
 Temple: D:4-7

Altars:
Dithmenos
Gozag
Nemelex Xobeh
Qazlal

Annotations:
D:4 Dowan, Duvessa, Robin


Innate Abilities, Weirdness & Mutations

You may rarely emit foul miasma when damaged in melee.
You have a tail ending in a sharp stinger.


Message History

Dowan is moderately wounded.
Dowan hits you with a +0 dagger.
Duvessa, Sister of Dowan comes into view.
She is wielding a +0 short sword.
A hobgoblin comes into view.
Duvessa shouts!
The hobgoblin shouts!
You hit Dowan.
Dowan is moderately wounded.
You hear an angry hiss.
Dowan barely misses you.
You hit Dowan. You tail-slap Dowan.
Dowan is heavily wounded.
A ball python comes into view.
A goblin comes into view. It is wielding a +0 dagger.
Dowan hits you but does no damage.
You hit Dowan. You tail-slap Dowan.
Dowan is severely wounded.
You hit the goblin.
You kill the goblin!
Dowan hits you with a +0 dagger.
Unknown command.
You hit Dowan but do no damage.
Dowan is severely wounded.
A goblin comes into view. It is wielding a +0 club. x2
You barely miss Duvessa.
The goblin shouts! x2
A goblin comes into view. It is wielding a +0 club.
Robin closely misses you.
A goblin comes into view. It is wielding a +0 club.
Unknown command.
The goblin shouts!
You hit Duvessa but do no damage. Robin barely misses you.
Duvessa hits you with a +0 short sword!
* * * LOW HITPOINT WARNING * * *
You hit Duvessa.
Duvessa is lightly wounded.
A goblin comes into view. It is wielding a +0 club.
A goblin comes into view. It is wielding a +0 dagger.
Robin barely misses you. Duvessa hits you with a +0 short sword!
You die...
Your body glows slightly brighter and disappears.

## #. #.
######?##
#......<#
##..###@#
#eg/....#
S##gg...#
.. #gg..#
#.. ..g.#
#.# gg.#
#. ..# ##
g##


You could see Duvessa, Robin, a hobgoblin (strong), 7 goblins and a ball python.

Vanquished Creatures
  3 adders
  2 worms (D:3)
  A dart slug (D:3)
  7 orcs (D:3)
  8 bats
  6 endoplasms
  A giant cockroach (D:3)
  5 goblins
  7 hobgoblins
  3 kobolds
  7 quokkas
  3 frilled lizards
  4 rats
57 creatures vanquished.

Notes
Turn   | Place    | Note
-------+----------+-------------------------------------------
     0 | D:1      | innerfire43 the Demonspawn Monk began the quest for the
                  | Orb.
     0 | D:1      | Reached XP level 1. HP: 18/18 MP: 1/1
    10 | D:1      | Noticed an electric eel
    68 | D:1      | Reached skill level 3 in Axes
    92 | D:1      | Gained mutation: You may rarely emit foul miasma when
                  | damaged in melee. [demonic ancestry]
    92 | D:1      | Reached XP level 2. HP: 6/24 MP: 2/2
   678 | D:2      | Gained mutation: You have a small tail. [demonic ancestry]
   678 | D:2      | Reached XP level 3. HP: 23/29 MP: 3/3
   680 | D:2      | Reached skill level 4 in Axes
  1645 | D:3      | Found a sparkling altar of Nemelex Xobeh.
  1705 | D:3      | Gained mutation: You have a tail ending in a sharp stinger.
                  | [demonic ancestry]
  1705 | D:3      | Reached XP level 4. HP: 30/35 MP: 4/4
  1823 | D:3      | Found an opulent altar of Gozag.
  1870 | D:3      | Became a worshipper of Nemelex Xobeh the Trickster
  1870 | D:3      | Reached * piety under Nemelex Xobeh
  1870 | D:3      | Received a gift from Nemelex Xobeh
  1870 | D:3      | Reached ** piety under Nemelex Xobeh
  2229 | D:3      | Found a stormy altar of Qazlal.
  2256 | D:3      | Found a shadowy altar of Dithmenos.
  2549 | D:4      | Noticed Dowan
  2550 | D:4      | Noticed Robin
  2552 | D:4      | Noticed Duvessa
  2559 | D:4      | Slain by Duvessa

Illustrated notes

Levels and vault maps discovered:
D:1:      arrival_aquarium_a, layout_rooms
D:2:      layout_basic, st_stairs_3
D:3:      layout_loops_ring, nicolae_gozag_seed_capital,
          nemelex_xobeh_ov_fountains_minmay, minitemple
D:4:      layout_basic, enter_ossuary_1, uniq_menkaure, uniq_duvessa, uniq_robin

Skill      XL: |  1  2  3 |
---------------+----------+-----
Axes           | 3 4 |  4.9
Fighting       | |  3.0
Dodging        | |  2.6

Action                     |  1- 3 |  4- 6 || total
---------------------------+-------+-------++-------
  Melee: Hand axe          |   117 |    46 ||   163
         Tailslap          |     6 |     8 ||    14
 Armour: Robe              |    31 |     3 ||    34
  Dodge: Dodged            |    82 |    25 ||   107

Table legend: (Time is in decaauts)
 A = Elapsed time spent in this place.
 B = Non-inter-level travel time spent in this place.
 C = Inter-level travel time spent in this place.
 D = Time resting spent in this place.
 E = Time spent auto-exploring this place.
 F = Levels seen in this place.
 G = Mean time per level.
                   A        B        C        D        E       F      G
               +--------+--------+--------+--------+--------+-----+--------+
         Total |   2574 |   2448 |    126 |      0 |   2075 |   4 |  643.5 |
       Dungeon |   2574 |   2448 |    126 |      0 |   2075 |   4 |  643.5 |
               +--------+--------+--------+--------+--------+-----+--------+

Top non-repeatable levels by time:
     D:3: 994 daAuts
     D:2: 905 daAuts
     D:1: 664 daAuts
     D:4: 10 daAuts
